 Dungeon Crawl Stone Soup version 0.15.0-18-g9076a4f (webtiles) character file.

60 Kashira the Changer (level 4, -2/38 HPs)
             Began as a Naga Transmuter on Sept 7, 2014.
             Slain by a kobold (3 damage)
             ... on Level 2 of the Dungeon.
             The game lasted 00:05:40 (991 turns).

Kashira the Changer (Naga Transmuter)                Turns: 991, Time: 00:05:40

HP  -2/38        AC  2     Str 12      XL: 4   Next:  4%
MP   0/7         EV 10     Int 14      God:
Gold 84          SH  0     Dex 12      Spells:  3 memorised,  1 level left

rFire  . . .     SeeInvis +       - Unarmed
rCold  . . .     Clarity  .     c - +0 robe
rNeg   . . .     rCorr    .     (no shield)
rPois  +         rRot     .     (helmet restricted)
rElec  .         Spirit   +     (no cloak)
SustAb .         Warding  .     (no gloves)
rMut   .         Stasis   .     (no barding)
Gourm  .                        l - amulet of guardian spirit
MR     .....                    (no ring)
                                (no ring)

@: appendage, very slow, not resistant to hostile enchantments, very unstealthy
A: spit poison, horns 2, see invisible, deformed body, poison resistance,
slowness 2, AC +1
a: Spit Poison, End Transformation


You were on level 2 of the Dungeon.
You were not hungry.
You had grown temporary horns.
You visited 1 branch of the dungeon, and saw 2 of its levels.

You collected 84 gold pieces.

Inventory:

Missiles
 b - 23 arrows
Armour
 c - a +0 robe (worn)
Comestibles
 a - 2 bread rations
 j - a meat ration
 p - a chunk of giant newt flesh
Scrolls
 e - a scroll of identify
 f - a scroll of fear {unknown}
 g - 2 scrolls of amnesia {unknown}
 h - a scroll of enchant weapon {unknown}
 i - 2 scrolls of teleportation
 m - a scroll of recharging {unknown}
 o - 2 scrolls of noise {unknown}
Jewellery
 l - an amulet of guardian spirit (around neck)
Potions
 k - a potion of flight {unknown}
 n - a potion of poison {unknown}
Books
 d - a book of Changes

   Spells                             Type                      Level
   *Beastly Appendage                 Transmutation                1
   *Sticks to Snakes                  Transmutation                2
   *Spider Form                       Transmutation/Poison         3
   Ice Form                           Ice/Transmutation            4
   Blade Hands                        Transmutation                5


   Skills:
 - Level 1.0 Fighting
 - Level 1.7 Dodging
 - Level 3.4 Unarmed Combat
 - Level 2.1 Spellcasting
 * Level 3.5 Transmutations


You had one spell level left.
You knew the following spells:

 Your Spells              Type           Power        Failure   Level  Hunger
a - Beastly Appendage     Trmt           ##....       6%          1    #......
b - Sticks to Snakes      Trmt           ##........   10%         2    ###....
c - Spider Form           Trmt/Pois      #.........   38%         3    ####...


Dungeon Overview and Level Annotations

Branches:
Dungeon (2/15)

Altars:


Innate Abilities, Weirdness & Mutations

You cannot wear boots.
You can spit poison.
Your serpentine skin is tough (AC +1).
You have supernaturally acute eyesight.
Armour fits poorly on your strangely shaped body.
Your system is resistant to poisons.
You cover ground very slowly.
You have a pair of horns on your head.


Message History

You hit the kobold but do no damage.
The kobold is moderately wounded.
The bat closely misses you. The bat hits you.
* * * LOW HITPOINT WARNING * * *
The jackal bites you.
* * * LOW HITPOINT WARNING * * *
The jackal bites you.
* * * LOW HITPOINT WARNING * * *
The kobold hits you.
* * * LOW HITPOINT WARNING * * *
Read which item? (? for menu, Esc to quit)
As you read the scroll labeled NASSYS GUXZOSA, it crumbles to dust.
It is a scroll of identify.
Identify which item? (\ to view known items) (? for menu, Esc to quit)
i - 2 scrolls of teleportation The bat hits you.
* * * LOW HITPOINT WARNING * * *
The bat hits you but does no damage. x2
The jackal closely misses you. The kobold hits you.
You die...

.. . . .. .# #.. .##.# #
..##..#.# #.# ...#...##..#
...##...#....#
..h.h........# #bhK..#
##@...# #.(..### ##.....# #.
###...# #.# ##...%.# #.#.#
#..#...# ..#.#.## #..)...#
#.#.#..####......#
#.......#..(.....###########


You could see a jackal, a bat and a kobold.

Vanquished Creatures
  4 adders (D:2)
  A giant mite (D:1)
  3 giant geckos
  2 giant cockroaches (D:1)
  2 hobgoblins (D:1)
  2 jackals (D:2)
  4 bats (D:1)
  A giant newt (D:2)
  2 goblins
  A kobold (D:1)
  4 rats (D:1)
26 creatures vanquished.

Vanquished Creatures (collateral kills)
  A giant cockroach (D:2)
1 creature vanquished.

Grand Total: 27 creatures vanquished

Notes
Turn   | Place    | Note
--------------------------------------------------------------
     0 | D:1      | Kashira, the Naga Transmuter, began the quest for the Orb.
     0 | D:1      | Reached XP level 1. HP: 18/18 MP: 3/3
   343 | D:1      | Reached XP level 2. HP: 25/25 MP: 4/4
   347 | D:1      | Learned a level 2 spell: Sticks to Snakes
   572 | D:1      | Reached XP level 3. HP: 31/31 MP: 6/6
   577 | D:1      | Learned a level 3 spell: Spider Form
   956 | D:2      | Reached XP level 4. HP: 38/38 MP: 7/7
   991 | D:2      | HP: 1/38 [bat (1)]
   991 | D:2      | Slain by a kobold

Action                   |  1- 3 |  4- 6 || total
-------------------------+-------+-------++-------
Melee: Unarmed           |    36 |    13 ||    49
 Cast: Beastly Appendage |     7 |     2 ||     9
       Sticks to Snakes  |     3 |       ||     3
 Abil: Spit Poison       |    21 |     4 ||    25
  Use: Scroll            |       |     1 ||     1
  Eat: Chunk             |     2 |       ||     2
